Map: Acid Plant LE

Players

axu - Winner!

  • Race: Protoss Protoss
  • League: Platinum
  • Spawn Location: 11:00

axioM

  • Race: Zerg Zerg
  • Spawn Location: 5:00

VOD

Have the link to the VOD?

Description

Time

  • Played on: March 8, 2018, 9:38 a.m.
  • Length: 14:19
Show
View Real Time Build Order
Export as new Build Order

axu Protoss - Winner!

Build Orders: 1 Gate Expand, Double Forge 

Get SALT Encoding   

  12  0:00  Probe  
  13  0:15  Probe  
  14  0:25  Pylon  
  14  0:27  Probe  
  15  0:43  Gateway, Probe  
  16  0:54  Assimilator  
  16  0:55  Probe (Chrono Boost)  
  17  1:06  Probe (Chrono Boost)  
  17  1:11  Probe (Chrono Boost)  
  19  1:28  Probe  
  20  1:34  Nexus  
  20  1:40  Cybernetics Core  
  20  1:43  Probe  
  21  1:51  Assimilator, Pylon  
  21  1:57  Probe  
  22  2:12  Probe  
  23  2:16  Adept  
  25  2:23  Warp Gate (Chrono Boost)  
  25  2:30  Gateway  
  25  2:42  Probe  
  25  2:46  Probe  
  25  2:51  Adept  
  28  2:54  Probe  
  28  2:58  Probe  
  30  2:59  Stargate  
  30  3:06  Probe  
  30  3:10  Probe  
  32  3:18  Probe  
  33  3:22  Probe  
  33  3:26  Robotics Facility  
  34  3:31  Probe (Chrono Boost)  
  35  3:35  Probe (Chrono Boost)  
  35  3:41  Stalker x2  
  41  3:43  Probe (Chrono Boost)  
  41  3:45  Probe (Chrono Boost)  
  41  3:48  Probe (Chrono Boost)  
  42  3:50  Probe (Chrono Boost)  
  44  3:56  Pylon  
  44  4:01  Forge  
  44  4:04  Forge  
  43  4:22  Probe x2  
  45  4:27  Oracle  
  46  4:55  Probe  
  46  4:56  Protoss Ground Armor Level 1 (Chrono Boost), Protoss Ground Weapons Level 1 (Chrono Boost), Probe  
  46  5:05  Immortal (Chrono Boost)  
  46  5:08  Probe x2  
  52  5:16  Gateway  
  52  5:17  Gateway  
  52  5:19  Gateway  
  52  5:20  Probe x2  
  54  5:22  Gateway  
  54  5:23  Nexus  
  54  5:24  Gateway x2  
  54  5:31  Pylon  
  54  5:39  Pylon  
  54  5:42  Pylon  
  54  5:52  Adept  
  54  5:53  Adept  
  58  6:14  Twilight Council  
  58  6:18  Pylon  
  58  6:19  Assimilator  
  58  6:23  Assimilator, Immortal  
  59  6:47  Adept  
  59  6:48  Adept x5  
  59  6:49  Adept x2  
  75  7:01  Probe x2  
  77  7:02  Observer  
  77  7:06  Resonating Glaives (Chrono Boost)  
  77  7:07  Assimilator  
  78  7:12  Assimilator  
  78  7:13  Probe x2  
  80  7:16  Probe  
  79  7:22  Protoss Ground Weapons Level 2 (Chrono Boost)  
  79  7:23  Protoss Ground Armor Level 2 (Chrono Boost)  
  79  7:25  Probe x2  
  79  7:28  Probe  
  82  7:37  Probe x2  
  82  7:41  Probe  
  85  7:49  Probe x2  
  87  7:53  Probe  
  88  8:04  Adept x5  
  88  8:05  Adept  
  100  8:10  Observer  
  101  8:18  Pylon  
  101  8:19  Pylon  
  101  8:23  Pylon  
  101  8:26  Shield Battery  
  101  8:27  Shield Battery  
  101  8:29  Shield Battery x2  
  101  8:32  Pylon  
  101  8:36  Probe x3  
  104  8:41  Observer (Chrono Boost)  
  104  8:42  Charge (Chrono Boost)  
  104  8:48  Probe x2  
  106  8:59  Immortal (Chrono Boost)  
  102  9:05  Adept x5  
  102  9:06  Adept x3  
  108  9:13  Probe x3  
  111  9:25  Probe x2  
  113  9:40  Nexus  
  113  9:41  Pylon  
  113  9:45  Pylon  
  111  9:47  Pylon  
  111  9:52  Stalker x4  
  111  9:53  Stalker x3  
  111  9:57  Photon Cannon  
  111  9:59  Photon Cannon  
  119  10:00  Photon Cannon  
  119  10:02  Photon Cannon  
  119  10:03  Photon Cannon  
  119  10:05  Protoss Shields Level 1 (Chrono Boost), Photon Cannon  
  119  10:06  Protoss Ground Armor Level 3 (Chrono Boost)  
  118  10:30  Stalker x3  
  118  10:34  Zealot  
  126  10:39  Templar Archives, Photon Cannon  
  126  10:42  Photon Cannon  
  126  10:44  Assimilator  
  126  10:46  Immortal  
  126  10:48  Assimilator  
  130  10:51  Pylon  
  130  10:54  Pylon  
  130  10:57  Pylon  
  130  11:08  Probe x3, Photon Cannon  
  130  11:09  Photon Cannon  
  130  11:10  Photon Cannon  
  133  11:14  Stalker x3  
  133  11:16  Stalker  
  141  11:20  Probe x2  
  141  11:21  Blink  
  141  11:25  Psionic Storm  
  143  11:32  High Templar x4  
  149  11:52  High Templar x4  
  157  11:58  Archon x2  
  149  12:48  Zealot x3  
  149  12:49  High Templar x3  
  149  12:50  High Templar x2  
  165  12:53  Archon  
  165  12:54  Archon  
  165  13:09  Gateway  
  165  13:10  Gateway  
  165  13:12  Gateway  
  165  13:14  Gateway  
  165  13:16  Gateway  
  165  13:19  Gateway  
  165  13:20  Shield Battery  
  165  13:21  Immortal  
  165  13:22  Shield Battery  
  165  13:26  Shield Battery  
Show
View Real Time Build Order
Export as new Build Order

axioM Zerg 

Build Orders: Pool First 

Get SALT Encoding   

  12  0:01  Drone  
  13  0:12  Drone  
  14  0:17  Overlord  
  14  0:35  Drone x2  
  14  0:36  Drone  
  17  0:46  Spawning Pool  
  17  0:48  Drone  
  17  0:58  Drone  
  18  1:14  Hatchery  
  18  1:17  Drone  
  18  1:22  Extractor  
  18  1:24  Drone  
  18  1:31  Overlord  
  18  1:36  Queen  
  20  1:42  Zergling x2  
  21  1:51  Drone  
  22  2:13  Drone x2  
  24  2:16  Queen  
  26  2:23  Drone  
  26  2:27  Overlord  
  27  2:31  Metabolic Boost  
  27  2:41  Drone x2  
  29  2:50  Drone x5, Queen  
  36  3:06  Drone x2  
  38  3:22  Hatchery  
  38  3:26  Drone x6  
  43  3:36  Evolution Chamber  
  43  3:37  Evolution Chamber  
  43  3:39  Drone x2  
  43  3:41  Spine Crawler  
  43  3:42  Overlord  
  42  4:00  Drone x2  
  44  4:09  Drone x6  
  50  4:12  Overlord  
  49  4:25  Lair  
  49  4:26  Extractor  
  49  4:29  Extractor  
  49  4:30  Extractor  
  46  4:34  Roach Warren  
  45  4:45  Zergling x12  
  45  5:02  Drone x5  
  45  5:03  Drone  
  51  5:07  Overlord  
  51  5:18  Overlord  
  55  5:21  Drone x6  
  55  5:27  Glial Reconstitution  
  57  5:29  Hydralisk Den  
  57  5:33  Drone x5  
  61  5:39  Zerg Melee Weapons Level 1  
  61  5:41  Zerg Ground Armor Level 1  
  61  5:49  Overseer  
  61  5:51  Hatchery  
  60  6:02  Drone x10  
  70  6:08  Spine Crawler  
  70  6:10  Spore Crawler  
  68  6:11  Zergling x2  
  68  6:12  Zergling x4  
  71  6:24  Zergling x10  
  76  6:27  Overlord  
  76  6:28  Overlord, Extractor  
  76  6:29  Extractor  
  76  6:32  Zergling x2  
  75  6:33  Zergling x8  
  74  6:40  Drone x3  
  71  6:54  Drone x2  
  71  6:55  Drone x4  
  77  7:14  Zergling x12  
  77  7:15  Zergling x2  
  69  7:26  Spine Crawler  
  69  7:27  Spine Crawler  
  67  7:37  Spire  
  67  7:40  Overseer  
  66  7:50  Hydralisk  
  68  7:52  Zergling x2  
  68  7:53  Zergling x26  
  82  7:59  Zerg Melee Weapons Level 2, Zerg Ground Armor Level 2  
  82  8:11  Infestation Pit  
  81  8:16  Zergling x14  
  81  8:17  Zergling x2  
  89  8:20  Overseer  
  89  8:36  Drone x4  
  89  8:37  Drone x2  
  95  8:44  Hatchery  
  95  8:48  Overlord x4  
  94  8:49  Overlord x3  
  93  8:59  Mutalisk  
  93  9:00  Mutalisk x3  
  67  9:13  Zergling x2  
  67  9:14  Zergling x16  
  67  9:15  Zergling x2  
  77  9:25  Mutalisk x2  
  77  9:26  Mutalisk x2  
  76  10:04  Zergling x2  
  76  10:05  Zergling x40  
  97  10:07  Hive  
  95  10:18  Zergling x12  
  101  10:35  Overlord x2  
  101  10:36  Overlord x2  
  101  10:40  Zergling x2  
  101  10:41  Zergling x10  
  107  10:50  Zergling x10  
  107  10:54  Overseer  
  107  10:56  Hydralisk x3  
  107  10:57  Hydralisk x2  
  122  11:05  Overlord x4  
  94  11:35  Zergling x2  
  94  11:36  Zergling x30  
  110  11:48  Roach x4  
  118  12:03  Spine Crawler  
  118  12:05  Drone x6  
  118  12:07  Spore Crawler, Extractor  
  121  12:12  Extractor  
  120  12:23  Zerg Missile Weapons Level 1  
  120  12:27  Adrenal Glands  
  94  12:48  Roach  
  94  12:49  Roach x14  
  105  13:01  Roach  
  105  13:02  Roach x4  
  105  13:03  Roach  
  117  13:16  Overseer  
  117  13:19  Hydralisk x5  
  126  13:37  Zergling x2  
  126  13:38  Zergling x10  
  126  13:39  Hatchery  
Tags
 
Add a new tag
Caveats
  • Supply blocks, unpowered buildings, or Contaminate may cause inaccurate times.
  • Supply counts are checked every 10 seconds.